 Dungeon Crawl Stone Soup version 0.31.0-9-g3a7656b989 (webtiles) character file.

Game seed: 10006010022519253648

40 Killerpretzel the Magician (level 3, 0/19 HPs)
             Began as a Deep Elf Fire Elementalist on Jan 25, 2024.
             Succumbed to an adder's poison
             ... on level 2 of the Dungeon.
             The game lasted 00:07:59 (1028 turns).

Killerpretzel the Magician (DEFE)                   Turns: 1028, Time: 00:08:00

Health: 0/19       AC:  2    Str:  5    XL:     3   Next: 30%
Magic:  9/10       EV: 12    Int: 21    God:
Gold:   42         SH:  0    Dex: 15    Spells: 8/9 levels left

rFire   . . .        d - +0 dagger
rCold   . . .        (no shield)
rNeg    . . .        a - +0 robe
rPois   .            (no helmet)
rElec   .            (no cloak)
rCorr   .            (no gloves)
SInv    .            (no boots)
Will    .....        (no amulet)
Stlth   ++           (no ring)
HPRegen 0.23/turn    (no ring)
MPRegen 0.12/turn

%: no passive effects
@: lethally poisoned (0 -> 0)
A: no striking features
a: no special abilities


You were on level 2 of the Dungeon.
You visited 1 branch of the dungeon, and saw 2 of its levels.

You collected 42 gold pieces.

Inventory:

Hand Weapons
 d - a +0 dagger (weapon)
Armour
 a - a +0 robe (worn)
Scrolls
 c - a scroll of fear {unknown}
 e - a scroll of identify {unknown}
 i - a scroll of brand weapon {unknown}
Potions
 b - a potion of magic
 f - a potion of enlightenment {unknown}
 g - a potion of cancellation {unknown}
 h - a potion of experience {unknown}


   Skills:
 - Level 2.6 Dodging
 - Level 2.6 Stealth
 * Level 3.8 Spellcasting
 * Level 2.0 Conjurations
 * Level 3.7 Fire Magic


You had 8 spell levels left.
You knew the following spells:

 Your Spells              Type           Power      Damage    Failure   Level
a - Foxfire               Conj/Fire      64%        2x1d7     3%          1

Your spell library contained the following spells:

 Spells                   Type           Power      Damage    Failure   Level
 Scorch                   Fire           38%        2d6       4%          2
 Inner Flame              Hex/Fire       11%        N/A       17%         3
 Volatile Blastmotes      Fire/Tloc      22%        2d11      17%         3
 Flame Wave               Conj/Fire      16%        2d7       36%         4
 Animate Armour           Summ/Erth      6%         N/A       77%         4
 Summon Lightning Spire   Summ/Air       3%         N/A       77%         4
 Lee's Rapid Deconstruct  Erth           1%         3d4*      98%         5


Dungeon Overview and Level Annotations

Branches:
Dungeon (2/15)

Altars:

Shops:
D:1 (


Message History

The adder is severely wounded.
The adder closely misses you.
You hit the adder but do no damage.
The adder is severely wounded.
The adder bites you.
You barely miss the adder.
The adder is severely wounded.
The adder bites you.
You hit the adder.
The adder is severely wounded.
The adder closely misses you. The adder barely misses you.
You barely miss the adder.
The adder is severely wounded.
The adder completely misses you.
You hit the adder.
The adder is severely wounded.
The adder bites you.
You are poisoned.
The adder poisons you!
You barely miss the adder.
The adder is severely wounded.
You feel sick. The adder bites you. x2
* * * LOW HITPOINT WARNING * * *
You hit the adder but do no damage.
The adder is severely wounded.
* * * LOW HITPOINT WARNING * * *
You feel sick. The adder closely misses you.
You closely miss the adder.
The adder is severely wounded.
* * * LOW HITPOINT WARNING * * *
You feel sick. The adder completely misses you.
You hit the adder.
You kill the adder!
* * * LOW HITPOINT WARNING * * *
You feel sick.
Your Conjurations skill increases to level 2!
There is a lethal amount of poison in your body!
* * * LOW HITPOINT WARNING * * *
You feel sick.
You die...

##########'### #.#
#......###.#### #.#
.............># #.#
#......######.# #.#
#......#### #.# #.#
#.........###.######.#
..........+...##.....#
..#####...###.##.#####
.. #.(.##..##@#
..#####...##..##.#
##.....#'###.....#
.......+.# #..#..#
##.....### ##.#..#
..............#..#
####...###....####
.....###.##.#
.....#... #.#


There were no monsters in sight!

Vanquished Creatures
  An adder (D:2)
  A dart slug (D:1)
  2 ribbon worms (D:2)
  2 ball pythons
  2 bats (D:1)
  4 endoplasms
  2 giant cockroaches
  A goblin (D:1)
  2 hobgoblins (D:2)
  2 frilled lizards (D:1)
  2 kobolds (D:2)
  2 rats (D:1)
23 creatures vanquished.

Vanquished Creatures (others)
  63 foxfires
63 creatures vanquished.

Grand Total: 86 creatures vanquished

Notes
Turn   | Place    | Note
-------+----------+-------------------------------------------
     0 | D:1      | Killerpretzel the Deep Elf Fire Elementalist began the
                  | quest for the Orb.
     0 | D:1      | Reached XP level 1. HP: 10/10 MP: 6/6
   325 | D:1      | Found a faded altar of an unknown god.
   341 | D:1      | Reached XP level 2. HP: 15/15 MP: 5/8
   393 | D:1      | Noticed a +0 giant spiked club
   396 | D:1      | Found Ruiffok's Weapon Emporium.
   437 | D:1      | Noticed a +0 executioner's axe
   901 | D:2      | Reached XP level 3. HP: 19/19 MP: 8/10
  1028 | D:2      | Succumbed to an adder's poison

Illustrated notes

Levels and vault maps discovered:
D:1:      dpeg_arrival_tiny_j, layout_rooms, serial_shops,
          nicolae_shop_mannequins, basic_ecumenical_altar, serial_bayou_crossing
D:2:      layout_basic, kennysheep_path_1

Skill      XL: |  1  2  3 |
---------------+----------+-----
Conjurations   | 2 |  2.0
Dodging        | |  2.6
Stealth        | |  2.6
Spellcasting   | |  3.8
Fire Magic     | |  3.7

Action                     || total
---------------------------++-------
  Melee: Dagger            ||     9
   Cast: Foxfire           ||    39
 Armour: Robe              ||    16
  Dodge: Dodged            ||    22
